 Dungeon Sprint DCSS version 0.21-a0-91-ga5031da (webtiles) character file.

86 Kidiri the Slasher (level 4, -14/44 HPs)
             Began as a Naga Fighter on June 28, 2017.
             Was a Follower of Cheibriados.
             Killed from afar by a deep elf mage (19 damage)
             ... with a bolt of fire
             ... in the Dungeon (Sprint V: "Ziggurat Sprint").
             The game lasted 00:02:34 (179 turns).

Kidiri the Slasher (Naga Fighter)                    Turns: 179, Time: 00:02:34

Health: -14/44     AC: 23    Str: 26    XL:     4   Next: 50%
Magic:  6/6        EV:  0    Int: 11    God:    Cheibriados [*.....]
Gold:   0          SH: 29    Dex: 19    Spells: 3/3 levels left

rFire    . . .     SeeInvis +   a - +9 sword of Zonguldrok {reap}
rCold    . . .     Gourm    .   c - +18 shield of the Gong {rElec rN+ MR+ EV-5}
rNeg     + . .     Faith    .   b - +15 Maxwell's patent armour {-Cast -Tele rElec MR+ rCorr}
rPois    +         Spirit   .   (no helmet)
rElec    +         Reflect  .   (no cloak)
rCorr    +         Harm     .   (no gloves)
MR       ++...     NoTele   +   (no barding) Stlth ..........NoCast +
                                (no amulet)
HPRegen  0.14/turn              y - +6 ring of dexterity
MPRegen  0.10/turn              D - +6 ring of strength

@: very slow
A: see invisible, deformed body, poison resistance, slowness 2, slow metabolism
1, spit poison 1, AC +1
a: Spit Poison, Bend Time, Renounce Religion


You were in the Dungeon.
You worshipped Cheibriados.
Cheibriados was aware of your devotion.
You were not hungry.

You visited 1 branch

Inventory:

Hand Weapons
 a - the +9 sword of Zonguldrok (weapon) {reap}
   (You found it in the Dungeon)

   If a monster killed with it leaves a corpse in good enough shape, the corpse
   will be animated as a zombie friendly to the killer.
Armour
 b - the +15 Maxwell's patent armour (worn) {-Cast -Tele rElec MR+ rCorr}
   (You found it in the Dungeon)

   It insulates you from electricity.
   It affects your resistance to hostile enchantments.
   It prevents spellcasting.
   It prevents most forms of teleportation.
   It protects you from acid and corrosion.
 c - the +18 shield of the Gong (worn) {rElec rN+ MR+ EV-5}
   (You found it in the Dungeon)

   It affects your evasion (-5).
   It insulates you from electricity.
   It protects you from negative energy.
   It affects your resistance to hostile enchantments.
Jewellery
 y - a +6 ring of dexterity (left hand)
 A - a +6 ring of dexterity
 B - a +6 ring of intelligence
 C - a +6 ring of intelligence
 D - a +6 ring of strength (right hand)
 E - a +6 ring of strength
Wands
 F - a wand of disintegration (7/24)
 G - a wand of iceblast (5/15)
 H - a wand of lightning (5/15)
 I - a wand of acid (5/15)
Scrolls
 k - 4 scrolls of blinking
 q - 4 scrolls of amnesia
 r - 3 scrolls of recharging
 s - 7 scrolls of fog
 t - a scroll of holy word
 u - 5 scrolls of identify
 v - 5 scrolls of remove curse
 w - 2 scrolls of fear
Potions
 d - 6 potions of might
 e - 10 potions of curing
 g - 10 potions of heal wounds
 i - 7 potions of magic
 l - 2 potions of brilliance
 m - 2 potions of invisibility
 n - 4 potions of resistance
 p - 5 potions of agility
Comestibles
 f - 5 bread rations
 x - 42 fruits
 z - 4 meat rations


   Skills:
 + Level 4.1 Fighting
 * Level 4.8 Long Blades
 * Level 4.3 Armour
 + Level 2.3 Dodging
 * Level 4.4 Shields
 + Level 3.1 Invocations
 + Level 2.9 Evocations


You had 3 spell levels left.
You didn't know any spells.

Dungeon Overview and Level Annotations

Branches:
Dungeon (1/1)

Altars:
Ashenzari
Cheibriados
Dithmenos
Elyvilon
Fedhas
Gozag
Hepliaklqana
Kikubaaqudgha
Makhleb
Nemelex Xobeh
Okawaru
Qazlal
Ru
Sif Muna
Trog
Uskayaw
Vehumet
Wu Jian
Xom
Yredelemnul
Zin
The Shining One
Beogh
Jiyva
Lugonu

Annotations:
D 1 transporter


Innate Abilities, Weirdness & Mutations

You cannot wear boots.
Your serpentine skin is tough. (AC +1)
You have supernaturally acute eyesight. (SInv)
Armour fits poorly on your strangely shaped body.
Your system is resistant to poisons. (rPois)
You cover ground very slowly.
You have a slow metabolism.
You can spit poison.


Message History

Your jackal zombie is destroyed!
You block the fire elemental's attack.
BOUMMMMG!
You block the fire elemental's attack.
GONNNNG!
The deep elf mage is engulfed in blazing flames.
You block the fire elemental's attack.
GONNNNG!
The fire elemental hits you. The fire elemental burns you!
You block the fire elemental's attack.
GONNNNG!
You slash the fire elemental!
The fire elemental is heavily damaged.
The fire elemental hits you. The fire elemental burns you!
* * * LOW HITPOINT WARNING * * *
The deep elf mage is engulfed in blazing flames.
The deep elf mage points at you and mumbles some strange words.
The bolt of fire hits the fire elemental.
The fire elemental completely resists.
The bolt of fire hits you!
You die...

▓▓▓▓▓▓▓▓▓▓▓▓▓
▓.8©8.▓.8©8.▓
▓.})|.▓.....▓
▓.....▓.).).▓
▓...).▓.....▓
▓.§Ee§▓.....▓
▓..EEE▓.....▓
▓...@.▓▓▓▓▓▓▓
▓▓▓▓▓▓▓


You could see a deep elf mage and 4 fire elementals.

Vanquished Creatures
  A wolf (D)
  A jackal (D)
2 creatures vanquished.

Vanquished Creatures (others)
  A deep elf mage (D)
1 creature vanquished.

Grand Total: 3 creatures vanquished

Notes
Turn   | Place    | Note
-------+----------+-------------------------------------------
     0 | D        | Kidiri the Naga Fighter began the quest for the Orb.
     0 | D        | Reached XP level 1. HP: 21/21 MP: 1/1
     0 | D        | Found a deep blue altar of Sif Muna.
     0 | D        | Found a sacrificial altar of Ru.
     0 | D        | Found a bloodstained altar of Trog.
     0 | D        | Found a stormy altar of Qazlal.
     0 | D        | Found an iron altar of Okawaru.
     0 | D        | Found a sparkling altar of Nemelex Xobeh.
     0 | D        | Found a blossoming altar of Fedhas.
     2 | D        | Found a transporter.
     2 | D        | Found an ancient bone altar of Kikubaaqudgha.
     2 | D        | Found a viscous altar of Jiyva.
     2 | D        | Found a corrupted altar of Lugonu.
     2 | D        | Found a hazy altar of Hepliaklqana.
     2 | D        | Found a burning altar of Makhleb.
     2 | D        | Found an opulent altar of Gozag.
   111 | D        | Became a worshipper of Cheibriados the Contemplative
   121 | D        | Reached skill level 1 in Dodging
   121 | D        | Reached XP level 2. HP: 28/28 MP: 1/3
   144 | D        | Entered arena 2.
   144 | D        | Noticed a wolf
   144 | D        | Found a transporter.
   150 | D        | Killed a wolf
   150 | D        | Reached * piety under Cheibriados
   150 | D        | Reached XP level 3. HP: 36/36 MP: 3/5
   150 | D        | Reached XP level 4. HP: 44/44 MP: 3/6
   174 | D        | Entered arena 3.
   174 | D        | Noticed a deep elf mage
   174 | D        | Noticed a fire elemental
   174 | D        | Noticed a deep elf mage
   174 | D        | Found a transporter.
   175 | D        | Noticed a fire elemental
   175 | D        | Noticed a fire elemental
   176 | D        | Noticed a fire elemental
   176 | D        | Noticed a fire elemental
   177 | D        | Killed a deep elf mage
   179 | D        | Killed from afar by a deep elf mage

Vault maps used:
D:        sprint_v

Skill      XL: |  1  2 |
---------------+-------+-----
Long Blades    | 3 4 |  4.8
Armour         | 3 4 |  4.3
Dodging        | 1 2 |  2.3
Shields        | 3 4 |  4.4
Invocations    | 2 3 |  3.1
Evocations     | 2 |  2.9
Fighting       | 4 |  4.1

Action                   |  1- 3 |  4- 6 || total
-------------------------+-------+-------++-------
Melee: Double sword      |     6 |     2 ||     8
  Use: Potion            |     1 |       ||     1
Armor: Plate armour      |       |     9 ||     9
Dodge: Dodged            |       |     1 ||     1
Block: Shield            |    11 |     9 ||    20
